 Dungeon Crawl Stone Soup version 0.19.1 (webtiles) character file.

442 HessuHobo the Cudgeler (level 6, -6/59 HPs)
             Began as a Troll Fighter on Dec 27, 2016.
             Mangled by an ogre
             ... wielding a +0 giant club
              (34 damage)
             ... on level 4 of the Dungeon.
             The game lasted 00:09:10 (3148 turns).

HessuHobo the Cudgeler (Troll Fighter)              Turns: 3148, Time: 00:09:11

Health: -6/59      AC:  5    Str: 28 (29) XL:     6   Next: 71%
Magic:  5/5        EV:  8    Int:  1 (4)  God:
Gold:   252        SH:  8    Dex:  7 (9)  Spells: 0 memorised, 5 levels left

rFire  + . .     SeeInvis .     a - +2 flail
rCold  . . .     Gourm    +     b - +0 robe
rNeg   . . .     Faith    .     c - +0 shield
rPois  .         Spirit   .     (helmet restricted)
rElec  .         Reflect  .     (no cloak)
rCorr  .         Harm     +     (gloves unavailable)
MR     .....     Clarity  +     (boots unavailable)
Stlth  ++........               g - amulet of harm
                                (no ring)
                                (no ring)

@: no status effects
A: unfitting armour, claws 3, camouflage 1, clarity, fire resistance 1, fast
metabolism 3, gourmand, regeneration 1, shaggy fur 1, strong 1, tough skin 2
a: no special abilities


You were on level 4 of the Dungeon.
You were very full.

You visited 1 branch of the dungeon, and saw 4 of its levels.

You collected 252 gold pieces.

Inventory:

Hand Weapons
 a - a +2 flail (weapon)
Armour
 b - a +0 robe (worn)
 c - a +0 shield (worn)
Jewellery
 g - an amulet of harm (around neck)
 m - a cursed ring of loudness {unknown}
 o - a +3 ring of dexterity {unknown}
 v - an uncursed ring of poison resistance {unknown}
Wands
 l - a wand of slowing (32/48)
Scrolls
 k - a scroll of enchant weapon
 s - a scroll of remove curse
 w - a scroll of identify
 x - a scroll of fear
Potions
 d - a potion of might
 e - a potion of brilliance {unknown}
 n - 2 potions of mutation
 q - a potion of ambrosia {unknown}
 r - a potion of heal wounds
 t - a potion of flight {unknown}
 u - a potion of curing
Comestibles
 f - 6 bread rations
 h - 3 meat rations
 i - a chunk of flesh
 j - 7 fruits
 p - 2 slices of pizza


   Skills:
 - Level 2.4 Fighting
 + Level 6.3 Maces & Flails
 - Level 2.4 Dodging
 + Level 1.0 Stealth
 - Level 2.4 Shields


You had 5 spell levels left.
You didn't know any spells.

Dungeon Overview and Level Annotations

Branches:
Dungeon (4/15)
 Temple: D:4-7

Altars:
Cheibriados
Makhleb

Shops:
D:4 *


Innate Abilities, Weirdness & Mutations

You are too large for most types of armour.
You have claws for hands.
Your metabolism is lightning-fast.
You like to eat raw meat.
Your natural rate of healing is unusually fast.
You are covered in fur. (AC +1)
You have very tough skin. (AC +2)
Your skin changes colour to match your surroundings (Stealth+).
You possess an exceptional clarity of mind.
Your flesh is heat resistant. (rF+)
Your muscles are strong. (Str +2)


Message History

An ogre is nearby!
An ogre is nearby!
An ogre is nearby!
You block the ogre's attack.
You hit the ogre.
The ogre is lightly wounded.
The ogre hits you with a giant club!
You thump the ogre!
The ogre is severely wounded.
The ogre hits you with a giant club!!
You hit the ogre.
The ogre is severely wounded.
You hit the ogre but do no damage.
The ogre is severely wounded.
The ogre barely misses you.
You completely miss the ogre.
The ogre is severely wounded.
The ogre hits you with a giant club!!
Ouch! That really hurt!
You die...

# #..# #..# #
#$.#####.# #...#.....
#......... ##.....).#
##...O...#
#############...@....#
#...∩................#
.........<............#
##..<.................#
##################....#
#.... #... #..


You could see an ogre.

Vanquished Creatures
  Sigmund (D:2)
  A howler monkey (D:4)
  A centaur skeleton (D:4)
  Ijyb (D:2)
  Robin (D:2)
  A gnoll (D:3)
  7 adders
  2 oozes
  An adder skeleton (D:4)
  2 worms (D:2)
  2 dart slugs (D:1)
  4 leopard geckos
  5 orcs (D:3)
  A ball python (D:1)
  2 giant cockroaches
  22 goblins
  8 hobgoblins
  3 jackals (D:3)
  A quokka (D:4)
  9 bats
  7 frilled lizards
  8 kobolds
  9 rats
99 creatures vanquished.

Notes
Turn   | Place    | Note
-------+----------+-------------------------------------------
     0 | D:1      | HessuHobo the Troll Fighter began the quest for the Orb.
     0 | D:1      | Reached XP level 1. HP: 22/22 MP: 0/0
    24 | D:1      | Reached skill level 2 in Maces & Flails
   242 | D:1      | Reached XP level 2. HP: 29/29 MP: 1/1
   537 | D:1      | Reached skill level 3 in Maces & Flails
   566 | D:1      | Gained mutation: You possess an exceptional clarity of mind. [potion of beneficial mutation]
   783 | D:1      | Reached XP level 3. HP: 36/36 MP: 2/2
   994 | D:2      | Noticed Robin
   996 | D:2      | Noticed Ijyb
  1014 | D:2      | Killed Ijyb
  1045 | D:1      | Reached XP level 4. HP: 7/44 MP: 3/3
  1048 | D:1      | Reached skill level 4 in Maces & Flails
  1189 | D:2      | Killed Robin
  1322 | D:2      | Noticed Sigmund
  1429 | D:2      | Killed Sigmund
  1429 | D:2      | Reached skill level 5 in Maces & Flails
  1429 | D:2      | Reached XP level 5. HP: 13/50 MP: 4/4
  1429 | D:2      | Reached XP level 6. HP: 16/59 MP: 5/5
  1636 | D:2      | Found a burning altar of Makhleb.
  1636 | D:2      | Found a snail-covered altar of Cheibriados.
  2098 | D:3      | Gained mutation: Your flesh is heat resistant. (rF+) [potion of mutation]
  2098 | D:3      | Gained mutation: Your muscles are strong. (Str +2) [potion of mutation]
  2098 | D:3      | Gained mutation: Your skin changes colour to match your surroundings (Stealth+). [potion of mutation]
  2491 | D:3      | Reached skill level 6 in Maces & Flails
  2876 | D:4      | Reached skill level 1 in Stealth
  3121 | D:4      | Found Xinaar's Assorted Antiques.
  3148 | D:4      | Mangled by an ogre

Skill      XL: |  1  2  3  4  5  6 |
---------------+-------------------+-----
Maces & Flails | 2 3 5 6 |  6.3
Stealth        | 1 |  1.0
Fighting       | |  2.4
Dodging        | |  2.4
Shields        | |  2.4

Action                   |  1- 3 |  4- 6 || total
-------------------------+-------+-------++-------
Melee: Flail             |   123 |   210 ||   333
  Use: Scroll            |     4 |     3 ||     7
       Potion            |     2 |     7 ||     9
 Stab: Sleeping          |       |     1 ||     1
  Eat: Chunk             |    13 |    22 ||    35
Armor: Robe              |    47 |    84 ||   131
Dodge: Dodged            |    58 |    91 ||   149
Block: Shield            |    62 |   129 ||   191
